Cogmind - Beta 12 @@@ ROGUE MODE // 2024.02.03 @ 20:55:35 Player: 277 Result: Destroyed by D-53 Grenadier with Mini Grenade Launcher Performance ------------- Evolutions (0) 0 Regions Visited (2) 400 Robots Destroyed (37) 185 Value Destroyed (517) 517 Prototype IDs (0) 0 Alien Tech Used (0) 0 Bonus (0) 0 TOTAL SCORE: 1102 Bonus ------- None Cogmind --------- Core Integrity 0/250 Matter 184/300 Energy 250/250 System Corruption 4% Temperature Warm (102) Movement Walking (120) Location -10/Mines Parts ------- > --- POWER (1) -------- Ion Engine > --- PROPULSION (2) --- Aluminum Leg Aluminum Leg > --- UTILITY (2) ------ Light Armor Plating > --- WEAPON (2) ------- Improved Light Cannon Improved Light Cannon > --- INVENTORY (5) ---- High-capacity Matter Pod (5) Heavy EM Pulse Gun Shotgun Rocket Launcher Peak State ------------ > --- POWER ------------ Ion Engine > --- PROPULSION ------- Aluminum Leg Aluminum Leg > --- UTILITY ---------- Improved Heat Sink Improved Terrain Scanner > --- WEAPON ----------- Shotgun Improved Light Cannon > --- INVENTORY -------- Aluminum Leg Heavy EM Pulse Gun Heavy EM Pulse Gun Shotgun Improved Light Cannon [Rating: 13] Favorites ----------- Power Ion Engine Engine Ion Engine Propulsion Aluminum Leg Leg Aluminum Leg Utility Improved Heat Sink Device Improved Heat Sink Protection Light Armor Plating Weapon Shotgun Energy Gun Heavy EM Pulse Gun Ballistic Gun Shotgun Ballistic Cannon Improved Light Cannon Launcher Rocket Launcher Build | -11 -10 -10 ------- Run | Jun Mat Min Slots Evolved . | . . . Power . | . . . Propulsion . | . . . Utility . | . . . Weapon . | . . . Parts Attached 26 | 6 8 12 Power 2 | 1 . 1 Engine 2 | 1 . 1 Core . | . . . Reactor . | . . . Propulsion 9 | 2 2 5 Treads . | . . . Leg 9 | 2 2 5 Wheel . | . . . Hover . | . . . Flight . | . . . Utility 3 | 1 2 . Device 2 | 1 1 . Storage . | . . . Processor . | . . . Hackware . | . . . Protection 1 | . 1 . Artifact . | . . . Weapon 12 | 2 4 6 Energy Gun 2 | . . 2 Energy Cannon . | . . . Ballistic Gun 5 | 2 2 1 Ballistic Cannon 4 | . 2 2 Launcher 1 | . . 1 Special Weapon . | . . . Impact Weapon . | . . . Slashing Weapon . | . . . Piercing Weapon . | . . . Special Melee Weapon . | . . . Unidentified Prototypes . | . . . Parts Lost 2 | . . 2 Power . | . . . Propulsion . | . . . Utility 1 | . . 1 Weapon 1 | . . 1 Highest Loss Streak 2 | . . 2 To Critical Strikes . | . . . Average Slot Usage (%) 96 | . 92 99 Engine 14 | . 14 14 Leg 28 | . 28 28 Device 15 | . 17 13 Protection 9 | . 2 14 Energy Gun 1 | . . 2 Ballistic Gun 23 | . 22 24 Ballistic Cannon 2 | . 5 . Naked Turns . | . . . Heaviest Build 16 | 8 15 16 Greatest Support 20 | 20 20 20 Greatest Overweight (x) 2 | 2 . . Average Overweight (x) . | . . . Largest Inventory Capacity 5 | 5 5 5 Average Capacity 5 | 5 5 5 Most Carried 5 | . 5 5 Average Carried 4 | . 3 4 Final Capacity 5 | 5 5 5 Final Carried 5 | . 5 4 Class Distribution -------------------- 55% | Scavenger-Mutant 44% | Mutant Dominant Class ---------------- Mutant | -10/Materials Scavenger-Mutant | -10/Mines Resources | -11 -10 -10 ----------- Run | Jun Mat Min Matter Collected 880 | 308 158 414 Remotely . | . . . Salvage Created 958 | 169 233 556 Parts 82 | 15 18 49 Haulers Intercepted . | . . . Recyclers Shooed 1 | . . 1 Parts Field Recycled . | . . . Retrieved Matter . | . . . Parts Self-Destructed . | . . . Prevented . | . . . Kills | -11 -10 -10 ------- Run | Jun Mat Min Combat Hostiles Destroyed 26 | . 7 19 Guns 16 | . 6 10 Cannons 1 | . 1 . AOE 9 | . . 9 Classes Destroyed 8 | 3 3 2 Worker 8 | 1 . 7 Builder 2 | . . 2 Tunneler 7 | 4 . 3 Recycler 2 | 1 . 1 Watcher 1 | . 1 . Swarmer 8 | . 2 6 Grunt 9 | . 5 4 Assembled 9 | . . 9 Best Kill Streak 10 | 4 2 10 Combat Bots Only 9 | . 2 9 Max Kills in Single Turn 3 | 1 1 3 Gunslinging . | . . . Exploded 3 | . . 3 Melee . | . . . Uniques/NPCs Destroyed . | . . . Combat | -11 -10 -10 -------- Run | Jun Mat Min Damage Taken 1006 | . 189 817 Core 264 | . 27 237 Absorbed by Shields . | . . . Core Remaining (%) 100 | 100 . . Volleys Fired 97 | 24 22 51 Largest 2 | 2 2 2 Hottest 90 | 40 78 90 Shots Fired 189 | 48 44 97 Gun 168 | 48 36 84 Cannon 18 | . 8 10 Launcher 3 | . . 3 Special . | . . . Kinetic 178 | 48 44 86 Thermal . | . . . Explosive 3 | . . 3 Electromagnetic 8 | . . 8 Robot Hit Streak 10 | 10 8 6 Robot Miss Streak 7 | 3 3 7 Penetration Max . | . . . Secondary Targets 1 | . . 1 Max Gunslinging Chain 1 | . . 1 Shots Hit Robots 127 | 32 33 62 Core Hits 86 | 13 18 55 Critical Kills . | . . . Critical Parts Destroyed 1 | . 1 . Critical Strikes 2 | . 2 . Destroy 1 | . 1 . Blast 1 | . 1 . Melee Attacks . | . . . Impact . | . . . Slashing . | . . . Piercing . | . . . Sneak Attacks . | . . . Combat Hostiles . | . . . Follow-up Attacks . | . . . Damage Inflicted 2109 | 275 427 1407 Guns 1401 | 275 308 818 Cannons 247 | . 119 128 Explosions 461 | . . 461 Melee . | . . . Ramming . | . . . Kinetic 1558 | 275 427 856 Thermal . | . . . Explosive 461 | . . 461 Electromagnetic 90 | . . 90 Impact . | . . . Slashing . | . . . Piercing . | . . . Highest Corruption 4 | . . 4 Average Corruption 4 | . . 4 Corruption Purged . | . . . Corruption Blocked . | . . . Effects 1 | . . 1 Data Loss (minor) 1 | . . 1 Overload Shots . | . . . Overflow Damage 3 | . . 3 Projectiles . | . . . Explosions 3 | . . 3 Melee . | . . . Knockbacks 4 | . 3 1 Impact . | . . . Kinetic 4 | . 3 1 Secondary . | . . . Self-Inflicted Damage 46 | . . 46 Shots 1 | . . 1 Rammed . | . . . Targets Rammed . | . . . Kicked . | . . . Crushed . | . . . Highest Temperature 102 | . 30 102 Average Temperature 24 | . 12 39 Received Heat Transfer 152 | . 84 68 Siege Activations . | . . . Robots Corrupted . | . . . Combat Hostiles . | . . . Parts Fried . | . . . Impact Corruptions . | . . . Robots Melted . | . . . Combat Hostiles . | . . . Parts Melted . | . . . Heat Transferred . | . . . Parts Sabotaged . | . . . Parts Stolen . | . . . Parts Stripped . | . . . Power Chain Reactions . | . . . Missiles Intercepted . | . . . Alert | -11 -10 -10 ------- Run | Jun Mat Min Peak Influence 300 | 30 278 300 Initial 30 | . 19 30 Average 146 | 10 175 153 Maximum Alert Level 1 | . 1 1 Low Security (%) 60 | 100 52 58 Level 1 39 | . 47 41 Level 2 . | . . . Level 3 . | . . . Level 4 . | . . . Level 5 . | . . . High Security . | . . . Max Security . | . . . Squads Dispatched 1 | . . 1 Investigation 1 | . . 1 Extermination . | . . . Reinforcement . | . . . Assault . | . . . Garrison . | . . . Intercept . | . . . Searches Triggered . | . . . Construction Impeded . | . . . Haulers Reinforced . | . . . Active Scanning Responses . | . . . Cargo Convoy Interrupts . | . . . Stealth | -11 -10 -10 --------- Run | Jun Mat Min Distress Signals 2 | . 2 . Communications Jammed . | . . . Distress Signals . | . . . Times Spotted 37 | . 13 24 Peak Tracking Total 8 | . 5 8 Tactical Retreats . | . . . Traps | -11 -10 -10 ------- Run | Jun Mat Min Traps Triggered . | . . . Indirectly . | . . . Trap Hack Attempts . | . . . Triggered . | . . . Disarmed . | . . . Reprogrammed . | . . . Reused . | . . . Traps Extracted . | . . . Installed . | . . . Triggered . | . . . Machines | -11 -10 -10 ---------- Run | Jun Mat Min Machines Disabled 1 | . 1 . Max in Single Turn 1 | . 1 . Machines Repaired . | . . . Machines Sabotaged . | . . . Overloaded Fab Kills . | . . . Hacking | -11 -10 -10 --------- Run | Jun Mat Min Machines Accessed 4 | . 3 1 Terminals 4 | . 3 1 Fabricators . | . . . Repair Stations . | . . . Recycling Units . | . . . Scanalyzers . | . . . Garrison Access . | . . . Total Hacks 10 | . 8 2 Successful 6 | . 5 1 Failed 4 | . 3 1 Catastrophic . | . . . Database Lockouts . | . . . Manual 9 | . 7 2 Terminals 10 | . 8 2 Fabricators . | . . . Repair Stations . | . . . Recycling Units . | . . . Scanalyzers . | . . . Garrison Access . | . . . Terminal Hacks 1 | . 1 . Robot Analysis 1 | . 1 . Fabricator Hacks . | . . . Repair Station Hacks . | . . . Recycling Unit Hacks . | . . . Scanalyzer . | . . . Garrison Access Hacks . | . . . Unauthorized Hacks 5 | . 4 1 Terminals 5 | . 4 1 Track 1 | . 1 . Botnet 2 | . 2 . Operators 1 | . 1 . Search 1 | . . 1 Fabricators . | . . . Repair Stations . | . . . Recycling Units . | . . . Scanalyzers . | . . . Garrison Access . | . . . Data Cores Recovered . | . . . Used . | . . . Hacking Detections 4 | . 3 1 Full Trace Events 1 | . 1 . Feedback Events . | . . . Feedback Blocked . | . . . Robot Schematics Acquired . | . . . Robots Built . | . . . Authchips . | . . . Time . | . . . Total Robot Build Rating . | . . . Part Schematics Acquired . | . . . Parts Built . | . . . Authchips . | . . . Time . | . . . Total Part Build Rating . | . . . Parts Repaired . | . . . Time . | . . . Parts Recycled . | . . . Recycled Matter . | . . . Retrieved Matter . | . . . Retrieved Components . | . . . Parts Scanalyzed . | . . . Part Schematics Acquired . | . . . Parts Damaged . | . . . Bothacking | -11 -10 -10 ------------ Run | Jun Mat Min Used RIF Installer . | . . . Robots Hacked . | . . . Non-combat . | . . . Combat . | . . . Robot Hacks Applied . | . . . Relay Couplers Released . | . . . Fabnet Peak Effective % . | . . . Robots Rewired . | . . . Allies Hacked . | . . . Hacks Repelled . | . . . Allies | -11 -10 -10 -------- Run | Jun Mat Min Total Allies . | . . . Largest Group . | . . . Highest-Rated Group . | . . . Highest-Rated Ally . | . . . Total Orders . | . . . Ally Attacks . | . . . Total Damage . | . . . Kills . | . . . Allies Corrupted . | . . . Allies Melted . | . . . Intel | -11 -10 -10 ------- Run | Jun Mat Min Robot Analysis Total 1 | . 1 . Derelict Logs Recovered 2 | . . 2 Drone Launches . | . . . Drone Recoveries . | . . . Exploration | -11 -10 -10 ------------- Run | Jun Mat Min Turns Passed 1217 | 122 406 689 Spaces Moved 708 | 39 252 417 Core 5 | 5 . . Treads . | . . . Legs 703 | 34 252 417 Wheels . | . . . Hover . | . . . Flight . | . . . Fastest Speed 50 | 50 120 120 Average Speed 119 | 113 120 120 Slowest Speed 150 | 150 120 120 Overloaded Moves . | . . . Propulsion Burnouts . | . . . Robots Hopped . | . . . Cave-ins Triggered . | . . . Exploration Rate (%) 47 | 3 62 78 Regions Visited 2 Branch Regions 1 Pre-discovered Areas 1 | . . 1 Known Exits Taken . | . . . Unknown Exits Taken 2 | 1 1 . Scrap Searched 3 | . . 3 Spaces Dug 10 | . . 10 Terrain Destroyed 37 | . . 37 Melee . | . . . Projectile 3 | . . 3 AOE 34 | . . 34 Terrain Rammed . | . . . Walls Destroyed . | . . . Machines Disabled . | . . . Actions | -11 -10 -10 --------- Run | Jun Mat Min Total 900 | 75 314 511 Wait 54 | 7 25 22 Move 706 | 38 251 417 Hop . | . . . Pick Up 6 | . 4 2 Fast Attach 10 | 6 4 . Attach 1 | . . 1 Detach . | . . . Swap 15 | . 4 11 Drop 11 | . 4 7 Fire 97 | 24 22 51 Melee . | . . . Ram . | . . . Kick . | . . . Crush . | . . . Escape Stasis . | . . . Rewire . | . . . Trap . | . . . Miscellaneous . | . . . Route ------- -11/Junkyard -10/Materials (discovered 4 exits: [*Mat x3] / *Min) -10/Mines (discovered 2 exits: [*Mat x2]) History --------- Turn | Location | Event 8 | -11/Junkyard | Discovered new exit (range 16) 123 | -11/Junkyard | Entered Materials 288 | -10/Materials | Discovered new exit (range 8) 300 | -10/Materials | Build established: Mutant 399 | -10/Materials | Discovered new exit (range 15) 463 | -10/Materials | Discovered new exit (range 11) 508 | -10/Materials | Discovered new exit (range 13) 529 | -10/Materials | Entered Mines 549 | -10/Mines | Discovered new exit (range 10) 946 | -10/Mines | Build established: Scavenger-Mutant 971 | -10/Mines | Discovered new exit (range 11) 979 | -10/Mines | Received a Rocket Launcher from a helpful Derelict 1003 | -10/Mines | Learned location of Storage (-7) 1015 | -10/Mines | Learned Materials terminal intel 1168 | -10/Mines | Assembled infested the area 1207 | -10/Mines | Core integrity fell below 50% 1213 | -10/Mines | Destroyed 9 combat bots 1215 | -10/Mines | Core integrity fell below 20% 1218 | -10/Mines | Destroyed by D-53 Grenadier with Mini Grenade Launcher Last Messages --------------- 01186_ Knocked back. 01186_ Imp. Heat Sink destroyed. 01188_ as-91152 destroyed. 01190_ as-99270 destroyed. 01190_ as-27502 destroyed. 01190_ as-55936 destroyed. 01192_ as-13970 destroyed. 01192_ as-59241 destroyed. 01192_ as-18404 destroyed. 01197_ The unstable cave ceiling collapses. 01197_ as-24295 destroyed. 01199_ as-93699 destroyed. 01202_ as-62212 destroyed. 01204_ as-97647 destroyed. 01210_ The unstable cave ceiling collapses. 01211_ System corrupted: Component data lost. 01211_ The unstable cave ceiling collapses. 01214_ as-20063 destroyed. 01214_ D-53 Grenadier knocked back. 01218_ The unstable cave ceiling collapses. Map ----- +----------------------------------------------------+ | | | | | | | | | | | | | | | | | | | | | | | | | | | | | | | | | | | | | | | ?????????????????????????????????????????????????? | | ??????????????????????#######????????????????????? | | ?????????????????????## ##???????????????????? | | ????????????????????## ##??????????????????? | | ???????????????????## #??????????????????? | | ???????????????????# #??????????????????? | | ????????????????????# @ #??????????????????? | | ?????????????? ##??????????????????? | | ?????????? #??????????????????? | | ???????????##### #??????????????????? | | ?????????????# # ###??????????????????? | | ?????????????# ##????????###?????????? | | ?????????????# ????????# ##????????? | | ?????????????# #??????? #????????? | | ?????????????# d ?????? #????????? | | ????????????? # d #????# #????????? | | ?????????????? #### #### % ###### #????????? | | ??????????????????##?# ## #?????????? | | ?????????????????????# ## #??????????? | | ?????????????????????##??## % ##??????????? | | ???????????????????????????####" #?????????### | | ?????????????????????????????# ##???????## # | | ?????????????????????????????# ##??????# | | ?????????????????????????????## ##?##### | | ?????????????????????????????## ### | | ??????????????????????????????## ## | | ???????????????????????????????# ### * | | #????????????? ????????????## #### = ! | | #???????????? ?????????????# ### | | #?????????? #????????????## %! | | ?????###?# ###?????????## = # | +----------------------------------------------------+ Best States ------------- Heat Dissipation 39 Energy Generation 10 Energy Capacity 250 Matter Stores 300 Matter Capacity 300 Sight Range 16 Terrain Scan Range 16 Terrain Scan Density 10 Armor Coverage 150 Evasion (%) 55 Item Schematics ----------------- None Robot Schematics ------------------ None Fabricated ------------ Nothing Alien Tech Used ----------------- None Achievements -------------- None Challenges ------------ None Game ------ Seed IonicCoordinationPenetrator Manual? 0 Play Time 00:17:51 Cumulative 305.8 hours Start 2024.02.03 @ 20:38:41 End 2024.02.03 @ 20:55:35 Sessions 1 Manual Loads 0 Difficulty Rogue Special Mode None Game No. 201 Rogue 201 Adventurer 0 Explorer 0 Win Type - Total 3 Types 3/0/0/0/0/0/0/0/0 Lore% 68 Gallery% 75 Achievement% 56 Wizard Run 0 Options --------- ASCII 0 Keyboard 0 Movement Mouse Keybinds 0 Fullscreen 1 Font 18/SmallcapsGlow Map View 76x50 Tactical HUD 1 Map Filters NONE Filters NONE Steam 1 RUN: fc8c4770-1bb9-480f-af5c-d0c915731aed